 Dungeon Crawl Stone Soup version 0.30-a0-737-gf23d94013f (webtiles) character file.

Game seed: 13232741685074386839

352 hikkokomori the Sneak (level 6, -3/34 HPs)
             Began as a Kobold Brigand on Feb 2, 2023.
             Slain by a hobgoblin
             ... wielding a +0 scythe
              (9 damage)
             ... on level 4 of the Dungeon.
             The game lasted 00:05:52 (3220 turns).

hikkokomori the Sneak (Kobold Brigand)              Turns: 3220, Time: 00:05:53

Health: -3/34      AC:  3    Str:  8    XL:     6   Next: 93%
Magic:  7/7        EV: 14    Int: 16    God:
Gold:   310        SH:  0    Dex: 17    Spells: 5/7 levels left

rFire   . . .      SeeInvis .    a - +2 dagger
rCold   . . .      Faith    .    (no shield)
rNeg    . . .      Spirit   .    b - +0 robe
rPois   .          Reflect  .    (no helmet)
rElec   .          Harm     .    c - +0 cloak
rCorr   .          Rampage  .    (no gloves)
Will    +....                    (no boots)
Stlth   +++++                    (no amulet)
HPRegen 0.25/turn                (no ring)
MPRegen 0.10/turn                (no ring)

@: no status effects
A: small, no large weapons, nightstalker 3, clever 1, frail 1, strong-willed 1
a: no special abilities


You were on level 4 of the Dungeon.
You visited 1 branch of the dungeon, and saw 4 of its levels.

You collected 310 gold pieces.

Inventory:

Hand Weapons
 a - a +2 dagger (weapon)
Missiles
 d - 20 poisoned darts
 e - 8 curare-tipped darts
 g - a throwing net
Armour
 b - a +0 robe (worn)
 c - a +0 cloak (worn)
 i - a +0 ring mail
Jewellery
 h - a +4 ring of protection
 j - a ring of flight
 k - a ring of magical power
 p - a +6 ring of intelligence
Wands
 f - a wand of flame (33) (quivered)
Scrolls
 l - a scroll of fear
 m - 4 scrolls of poison
 o - 2 scrolls of enchant armour {unknown}
 q - a scroll of teleportation
 r - a scroll of fog {unknown}
 s - a scroll of enchant weapon {unknown}
Potions
 n - a potion of flight


   Skills:
 - Level 4.0 Fighting
 + Level 5.2 Short Blades
 + Level 3.0 Throwing
 - Level 2.0 Dodging
 - Level 6.9 Stealth
 + Level 1.1 Spellcasting
 + Level 1.2 Translocations


You had 5 spell levels left.
You knew the following spells:

 Your Spells              Type           Power      Damage    Failure   Level
a - Blink                 Tloc           8%         N/A       22%         2

Your spell library contained the following spells:

 Spells                   Type           Power      Damage    Failure   Level
 Lesser Beckoning         Tloc           8%         N/A       22%         2
 Momentum Strike          Conj/Tloc      4%         3d8       26%         2
 Gell's Gravitas          Tloc           4%         N/A       38%         3
 Teleport Other           Tloc           4%         N/A       38%         3
 Portal Projectile        Hex/Tloc       4%         N/A       47%         3
 Call Canine Familiar     Summ           0%         N/A       56%         3
 Leda's Liquefaction      Hex/Erth       0%         N/A       92%         4
 Conjure Ball Lightning   Conj/Air       0%         3x3d6     100%        6
 Dispersal                Tloc           2%         N/A       100%        6
 Discord                  Hex            0%         N/A       100%        8
 Disjunction              Tloc           2%         N/A       100%        8


Dungeon Overview and Level Annotations

Branches:
Dungeon (4/15)
 Temple: D:4-7

Altars:
Zin


Innate Abilities, Weirdness & Mutations

You are small and have problems with some larger weapons.
You are completely attuned to the shadows.
Your mind is acute. (Int +4, Str/Dex -1)
You are frail. (-10% HP)
You are strong-willed. (Will+)


Message History

You kill the kobold!
The hobgoblin hits you from afar with a +0 scythe!
The hobgoblin closely misses you. The hobgoblin misses you.
The hobgoblin hits you with a +0 scythe.
The hobgoblin closely misses you. x2; The hobgoblin misses you.
You see here a +0 dagger.
You barely miss the hobgoblin. The hobgoblin closely misses you.
The hobgoblin barely misses you. x3
You closely miss the hobgoblin. You miss the adder.
The adder bites you but does no damage.
The hobgoblin closely misses you. x2; The hobgoblin completely misses you.
The hobgoblin closely misses you. x2
You hit the adder.
The adder is heavily wounded.
The adder barely misses you. The hobgoblin closely misses you.
The hobgoblin barely misses you.
The hobgoblin hits you with a +0 scythe.
The hobgoblin hits you from afar with a +0 scythe.
* * * LOW HITPOINT WARNING * * *
The hobgoblin barely misses you.
You are too injured to fight recklessly!
You are too injured to fight recklessly!
You are too injured to fight recklessly!
You are too injured to fight recklessly!
You are too injured to fight recklessly!
You are too injured to fight recklessly!
You are too injured to fight recklessly!
You are too injured to fight recklessly!
You are too injured to fight recklessly!
You are too injured to fight recklessly!
You are too injured to fight recklessly!
You are too injured to fight recklessly!
You are too injured to fight recklessly!
You are too injured to fight recklessly!
The hobgoblin attacks as you move away! The hobgoblin barely misses you.
Found a scroll labelled SIGUETREVOA.
The hobgoblin barely misses you.
The hobgoblin hits you from afar with a +0 scythe.
* * * LOW HITPOINT WARNING * * *
The hobgoblin hits you from afar with a +0 scythe!
You die...

#.# #.# #.
##.# #.##..#
###.##.##
##.....(##
##........#
#..........#
#....@.....#
#..g)Sg....#
#....gg....
#...g.....
##.......?
#.......


You could see an adder and 5 hobgoblins.

Vanquished Creatures
  A scorpion (D:4)
  An orc priest (D:3)
  A jelly (D:4)
  Jessica (D:3)
  Ijyb (D:3)
  Robin (D:3)
  7 adders
  2 shadow imps (D:3)
  2 dart slugs
  An orc (D:3)
  6 bats
  7 endoplasms
  3 giant cockroaches
  15 goblins
  17 hobgoblins
  4 jackals (D:4)
  A quokka (D:1)
  5 ball pythons
  3 frilled lizards (D:1)
  4 kobolds
  6 rats
89 creatures vanquished.

Vanquished Creatures (others)
  2 plants (D:3)
2 creatures vanquished.

Grand Total: 91 creatures vanquished

Notes
Turn   | Place    | Note
-------+----------+-------------------------------------------
     0 | D:1      | hikkokomori the Kobold Brigand began the quest for the Orb.
     0 | D:1      | Reached XP level 1. HP: 12/12 MP: 1/1
   117 | D:1      | Reached XP level 2. HP: 18/18 MP: 2/2
   369 | D:1      | Found a faded altar of an unknown god.
   499 | D:1      | Reached XP level 3. HP: 22/22 MP: 3/3
  1124 | D:2      | Reached XP level 4. HP: 27/27 MP: 4/4
  1204 | D:2      | Found a glowing silver altar of Zin.
  1294 | D:2      | Reached skill level 6 in Stealth
  1575 | D:3      | Noticed Ijyb
  1586 | D:3      | Gained mutation: Your mind is acute. (Int +4, Str/Dex -1)
                  | [potion of mutation]
  1586 | D:3      | Gained mutation: You are frail. (-10% HP) [potion of
                  | mutation]
  1586 | D:3      | Gained mutation: You are strong-willed. (Will+) [potion of
                  | mutation]
  1599 | D:3      | Killed Ijyb
  1600 | D:3      | Reached XP level 5. HP: 6/28 MP: 5/5
  2157 | D:3      | Noticed Jessica
  2271 | D:3      | Killed Jessica
  2279 | D:3      | Noticed Robin
  2286 | D:3      | Killed Robin
  2435 | D:3      | Found a transporter.
  2458 | D:3      | Reached XP level 6. HP: 18/34 MP: 6/6
  2473 | D:3      | Found a transporter.
  2817 | D:4      | Learned a level 2 spell: Blink
  2856 | D:4      | Reached skill level 5 in Short Blades
  3083 | D:4      | Reached skill level 1 in Spellcasting
  3083 | D:4      | Reached skill level 1 in Translocations
  3220 | D:4      | Slain by a hobgoblin

Illustrated notes

Levels and vault maps discovered:
D:1:      shiori_arrival_elements, layout_basic, serial_curves, eino_curves_01,
          eino_curves_01, eino_curves_01, eino_curves_03,
          shapermc_ecumenical_altar_ellora
D:2:      layout_loops_cross, basic_altar
D:3:      gammafunk_wand_slinger, layout_basic, uniq_robin, uniq_jessica,
          uniq_ijyb
D:4:      minmay_wonky_spiral, layout_rooms, mainiacjoe_overflow_tiny_flanked,
          sigmund_army

Skill      XL: |  1  2  3  4  5  6 |
---------------+-------------------+-----
Short Blades   | 3 4 5 |  5.2
Dodging        | 2 |  2.0
Fighting       | 3 4 |  4.0
Stealth        | 6 |  6.9
Spellcasting   | 1 |  1.1
Translocations | 1 |  1.2
Throwing       | 3 |  3.0

Action                     |  1- 3 |  4- 6 || total
---------------------------+-------+-------++-------
  Melee: Dagger            |    80 |   194 ||   274
         Punch             |     1 |     2 ||     3
  Throw: Dart              |       |     2 ||     2
         Throwing net      |       |     1 ||     1
  Evoke: Wand              |       |    11 ||    11
    Use: Potion            |       |     6 ||     6
         Scroll            |       |     4 ||     4
   Stab: Sleeping          |    16 |    17 ||    33
         Held in net/web   |       |     1 ||     1
 Armour: Robe              |    12 |    32 ||    44
         Skin              |       |     6 ||     6
  Dodge: Dodged            |    48 |   162 ||   210

Table legend: (Time is in decaauts)
 A = Elapsed time spent in this place.
 B = Non-inter-level travel time spent in this place.
 C = Inter-level travel time spent in this place.
 D = Time resting spent in this place.
 E = Time spent auto-exploring this place.
 F = Levels seen in this place.
 G = Mean time per level.
                   A        B        C        D        E       F      G
               +--------+--------+--------+--------+--------+-----+--------+
         Total |   3167 |   3077 |     90 |     85 |   2398 |   4 |  791.8 |
       Dungeon |   3167 |   3077 |     90 |     85 |   2398 |   4 |  791.8 |
               +--------+--------+--------+--------+--------+-----+--------+

Top non-repeatable levels by time:
     D:3: 1252 daAuts
     D:1: 771 daAuts
     D:2: 751 daAuts
     D:4: 392 daAuts
